 Dungeon Crawl Stone Soup version 0.31-a0-1576-ga3383bade6 (webtiles) character file.

Game seed: 17817700392197167355

242 Flugslaktarn the Apothecary (level 6, -8/36 HPs)
             Began as an Octopode Alchemist on Jan 4, 2024.
             Was an Initiate of Sif Muna.
             Mangled by an iguana (10 damage)
             ... on level 5 of the Dungeon.
             The game lasted 00:03:38 (1052 turns).

Flugslaktarn the Apothecary (Octopode Alchemist)    Turns: 1052, Time: 00:03:38

Health: -8/36      AC:  1    Str:  7    XL:     6   Next: 9%
Magic:  5/11       EV: 13    Int: 18    God:    Sif Muna [......]
Gold:   60         SH:  0    Dex: 14    Spells: 7/12 levels left

rFire   . . .        b - +0 dagger (protect)
rCold   . . .        (no shield)
rNeg    . . .        (helmet restricted)
rPois   .            (no amulet)
rElec   .            (no ring)
rCorr   .            (no ring)
SInv    .            (no ring)
Will    .....        (no ring)
Stlth   +++          (no ring)
HPRegen 0.26/turn    (no ring)
MPRegen 0.12/turn    (no ring)
                     (no ring)

%: no passive effects
@: no status effects
A: almost no armour, amphibious, 8 rings, camouflage 1, gelatinous body 1,
(nimble swimmer 1), tentacles
a: Renounce Religion


You were on level 5 of the Dungeon.
You worshipped Sif Muna.
Sif Muna was noncommittal.
You visited 2 branches of the dungeon, and saw 6 of its levels.

You collected 60 gold pieces.

Inventory:

Hand Weapons
 b - a +0 dagger of protection (weapon)
   (You found it on level 1 of the Dungeon)
Jewellery
 c - a ring of fire
   (You found it on level 3 of the Dungeon)
Talismans
 g - a serpent talisman
   (You found it on level 4 of the Dungeon)
Scrolls
 h - a scroll of silence
 i - a scroll of immolation {unknown}
 j - a scroll of fog {unknown}
Potions
 a - a potion of magic
 d - a potion of attraction {unknown}


   Skills:
 - Level 2.0 Dodging
 - Level 2.6 Stealth
 + Level 3.6 Spellcasting
 - Level 1.0 Conjurations
 * Level 6.2 Alchemy


You had 7 spell levels left.
You knew the following spells:

 Your Spells              Type           Power      Damage    Failure   Level
a - Sting                 Conj/Alch      64%        1d7       3%          1
b - Olgreb's Toxic Radia  Alch           25%        N/A       12%         4

Your spell library contained the following spells:

 Spells                   Type           Power      Damage    Failure   Level
 Mercury Vapours          Alch/Air       28%        N/A       6%          2
 Magic Dart               Conj           24%        1d4       10%         1
 Searing Ray              Conj           12%        2d4       16%         2
 Mephitic Cloud           Conj/Alch/Air  11%        N/A       17%         3
 Fulminant Prism          Conj/Alch      8%         3d6       34%         4
 Sticky Flame             Fire/Alch      14%        2d5       38%         4


Dungeon Overview and Level Annotations

Branches:
Dungeon (5/15)             Temple (1/1) D:4

Altars:
Ashenzari
Cheibriados
Fedhas
Gozag
Hepliaklqana
Kikubaaqudgha
Nemelex Xobeh
Okawaru
Qazlal
Ru
Sif Muna
Trog
Uskayaw
Vehumet
Yredelemnul
Zin
The Shining One

Annotations:
D:2 Terence


Innate Abilities, Weirdness & Mutations

You cannot wear most types of armour.
You are amphibious.
You can wear up to eight rings at the same time.
Your skin changes colour to match your surroundings (Stealth+).
Your rubbery body absorbs attacks. (AC +1, EV +1)
((You are camouflaged when in or above water. (Stealth+)))
You have tentacles for arms and can constrict up to eight enemies at once.


Message History

Sif Muna accepts your kill.
Your Alchemy skill increases to level 6!
There is an open door here.
An iguana comes into view.
You start resting.
An adder is nearby!
Casting: Sting (safe; 3% risk of failure)
Confirm with . or Enter, or press ? or * to list all spells.
Aiming: Sting (safe; 3% risk of failure)
Press: ? - help, Shift-Dir - straight line, f - adder
Aim: an adder (wandering, hasn't noticed you, 57% to hit)
The sting hits the adder.
The adder is poisoned.
The adder is lightly wounded.
The adder hisses angrily.
Casting: Sting (safe; 3% risk of failure)
Confirm with . or Enter, or press ? or * to list all spells.
Aiming: Sting (safe; 3% risk of failure)
Press: ? - help, Shift-Dir - straight line, f/p - adder
Aim: an adder (moderately wounded, poisoned, 57% to hit)
The sting hits the adder.
The adder looks even sicker.
The adder is severely wounded.
The adder misses you.
You are too injured to fight recklessly!
You are too injured to fight recklessly!
You closely miss the adder. You grab the adder.
The adder is almost dead.
You constrict the adder.
You kill the adder!
Sif Muna accepts your kill.
You see here an adder corpse.
An ogre comes into view. It is wielding a +0 giant club.
An iguana comes into view.
The iguana hisses angrily.
There is an open door here.
You close the door.
You hear the slow rusting of a distant drain.
Magic restored.
There is an open door here.
You open the door.
There is an open door here.
Found a scale mail.
Found a stone staircase leading down.
You hear the rusting of a very distant drain.
A phantom comes into view.
You open the door.
There is an open door here.
HP restored.
There is an open door here.
You open the door.
There is an open door here.
Casting: Sting (safe; 3% risk of failure)
Confirm with . or Enter, or press ? or * to list all spells.
You begin to radiate toxic energy.
The iguana hisses angrily.
The iguana is poisoned.
Casting: Olgreb's Toxic Radiance (extremely dangerous; 13% risk of failure)
Confirm with . or Enter, or press ? or * to list all spells.
Your toxic radiance grows in intensity.
The iguana looks even sicker.
Casting: Olgreb's Toxic Radiance (extremely dangerous; 13% risk of failure)
Confirm with . or Enter, or press ? or * to list all spells.
Aiming: Sting (safe; 3% risk of failure)
Press: ? - help, Shift-Dir - straight line, f - iguana
Aim: an iguana (heavily wounded, very poisoned, 77% to hit)
The sting hits the iguana but does no damage.
The iguana looks even sicker.
The iguana is heavily wounded.
You hear the rusting of a distant drain.
You hit the iguana but do no damage. Your grab misses the iguana.
The iguana is severely wounded.
The iguana bites you!
You hit the iguana. Your grab misses the iguana.
The iguana is almost dead.
You kill the iguana!
Sif Muna accepts your kill.
Your toxic aura wanes.
You have reached level 6!
You see here an adder corpse.
The ogre shouts!
You hear an angry hiss.
The ogre attacks as it pursues you! The ogre closely misses you.
You see here an adder corpse.
Casting: Sting (safe; 3% risk of failure)
Confirm with . or Enter, or press ? or * to list all spells.
You don't have enough magic to cast this spell.
Unknown command.
Okay, then.
Okay, then.
The iguana bites you!
As you read the scroll labelled ZAMOQUONI, it crumbles to dust.
It is a scroll of brand weapon.
Your +0 dagger projects an invisible shield of force!
b - a +0 dagger of protection (weapon)
The iguana barely misses you.
Unknown command.
As you read the scroll labelled ZAUSIRI ZOAVE, it crumbles to dust.
It is a scroll of identify.
h - a scroll of silence The ogre hits you with a +0 giant club!
* * * LOW HITPOINT WARNING * * *
The iguana bites you!
You die...

..###...###.###...##
#.##.....#####.....#
..##...†...........#
..##.....#####.....#
#..##...## ##...##
....##.## ##.##
...###.# #.#
##...'.# +O# #####.#
#@# ##†## #l##
##...## ...#
#.....#####.....
####...............#
#..#.....#####.....#
..###...## ##...##
....##### #####
.....#


You could see an ogre and an iguana.

Vanquished Creatures
  A bullfrog (D:5)
  A bombardier beetle (D:4)
  2 hounds
  An iguana (D:5)
  3 adders
  A shadow imp (D:5)
  2 ribbon worms (D:3)
  An orc (D:3)
  2 endoplasms
  6 hobgoblins
  A kobold (D:4)
  2 rats
23 creatures vanquished.

Notes
Turn   | Place    | Note
-------+----------+-------------------------------------------
     0 | D:1      | Flugslaktarn the Octopode Alchemist began the quest for the
                  | Orb.
     0 | D:1      | Reached XP level 1. HP: 11/11 MP: 3/3
    55 | D:2      | Noticed Terence
    78 | D:3      | Reached XP level 2. HP: 7/17 MP: 0/5
   175 | D:3      | Reached skill level 4 in Alchemy
   190 | D:3      | Found a bloodstained altar of Trog.
   311 | D:4      | Reached XP level 3. HP: 15/21 MP: 3/6
   345 | D:4      | Found a sparkling altar of Nemelex Xobeh.
   348 | D:4      | Found an ancient bone altar of Kikubaaqudgha.
   486 | D:4      | Reached XP level 4. HP: 18/27 MP: 3/8
   584 | D:4      | Reached skill level 5 in Alchemy
   594 | D:4      | Found a staircase to the Ecumenical Temple.
   603 | Temple   | Entered the Ecumenical Temple
   654 | Temple   | Became a worshipper of Sif Muna the Loreminder
   715 | D:5      | Entered Level 5 of the Dungeon
   793 | D:5      | Noticed a bullfrog
   799 | D:5      | Killed a bullfrog
   800 | D:5      | Reached XP level 5. HP: 24/31 MP: 4/10
   805 | D:5      | Learned a level 4 spell: Olgreb's Toxic Radiance
   876 | D:5      | Reached skill level 6 in Alchemy
   905 | D:5      | Noticed an ogre
   973 | D:5      | Noticed a phantom
  1023 | D:5      | Reached XP level 6. HP: 23/36 MP: 1/11
  1052 | D:5      | Mangled by an iguana

Illustrated notes

Levels and vault maps discovered:
D:1:      nzn_arrival_crosshair, layout_loops_cross
D:2:      layout_loops_ring, uniq_terence
D:3:      layout_rooms, lightli_temple_of_fire, nicolae_eternal_life
D:4:      layout_cave_pools, amethyst_overflow_temple_binary,
          minmay_temple_entry_statues_pillars
D:5:      minmay_octagon_keep, layout_loops_corners, gup_sewer_entry_bowl,
          serial_shops, nicolae_shop_temple_entry_statues_fountains,
          supply_closet_lemuel, uniq_blork_the_orc
Temple:   compressed_dpeg_circular_temple

Skill      XL: |  1  2  3  4  5 |
---------------+----------------+-----
Alchemy        | 4 5 6 |  6.2
Spellcasting   | 3 |  3.6
Dodging        | |  2.0
Stealth        | |  2.6
Conjurations   | |  1.0

Action                     |  1- 3 |  4- 6 || total
---------------------------+-------+-------++-------
  Melee: Dagger            |    21 |    13 ||    34
         Unarmed           |     3 |       ||     3
         Tentacles         |     6 |     2 ||     8
         Constrict         |     5 |     6 ||    11
         Punch             |     1 |       ||     1
   Cast: Sting             |    26 |    22 ||    48
         Olgreb's Toxic Ra |       |     2 ||     2
    Use: Scroll            |       |     2 ||     2
 Armour: Skin              |    21 |    16 ||    37
  Dodge: Dodged            |    23 |    11 ||    34

Table legend: (Time is in decaauts)
 A = Elapsed time spent in this place.
 B = Non-inter-level travel time spent in this place.
 C = Inter-level travel time spent in this place.
 D = Time resting spent in this place.
 E = Time spent auto-exploring this place.
 F = Levels seen in this place.
 G = Mean time per level.
                   A        B        C        D        E       F      G
               +--------+--------+--------+--------+--------+-----+--------+
         Total |   1051 |    989 |     62 |     85 |    338 |   6 |  175.2 |
       Dungeon |   1014 |    966 |     48 |     85 |    338 |   5 |  202.8 |
        Temple |     37 |     23 |     14 |      0 |      0 |   1 |   37.0 |
               +--------+--------+--------+--------+--------+-----+--------+

Top non-repeatable levels by time:
     D:4: 389 daAuts
     D:5: 336 daAuts
     D:3: 222 daAuts
     D:1: 41 daAuts
  Temple: 37 daAuts
     D:2: 24 daAuts
